 Dungeon Crawl Stone Soup version 0.30-a0-34-gbe8da3892a (webtiles) character file.

Game seed: 331643932933950370

345175 Plasmagod the Spry (level 23, -9/192 HPs)
             Began as a Djinni Ice Elementalist on Aug 26, 2022.
             Was a High Priest of Ashenzari.
             Mangled by Mennas
             ... wielding a +0 sacred scourge of holy wrath
              (25 damage)
             ... on level 4 of the Vaults on Aug 27, 2022.
             The game lasted 04:29:31 (57961 turns).

Plasmagod the Spry (Djinni Ice Elementalist)       Turns: 57961, Time: 04:29:31

Health: -9/192     AC: 20    Str:  7    XL:     23   Next: 10%
Gold:   3069       EV: 25    Int: 39    God:    Ashenzari [*****.] SH: 19 Dex: 22

rFire   + + +      SeeInvis +    X - +8 flail of Toth-Mos's Legacy {holy, rElec rPois rC+ Int+3, Self, Fort} (curse)
rCold   + + .      Faith    .    A - +2 kite shield "Fetters of Ashenzari" {AC+3, Self, Fort} (curse)
rNeg    + + .      Spirit   .    i - +0 ring mail of the Esoteric Oracle {*Corrode rN++ Will+ Int+4, Self, Fort} (curse)
rPois   ∞          Reflect  .    q - +2 hat "Seer of the Cosmic Seer" {Will+, Fort, Melee} (curse)
rElec   +          Harm     .    y - +0 cloak "Doubts of Ashenzari" {Self, Cun} (curse)
rCorr   +          Rampage  .    t - +2 pair of gloves of Ouranomancy {Cun, Self} (curse)
Will    ++++.      Clarity  +    (boots unavailable)
Stlth   +++.......               W - amulet of regeneration
HPRegen 1.22/turn                P - ring "Bound Together" {Wiz rCorr Int+6, Cun, Self} (curse)
MPRegen 0.00/turn                f - ring of Supernal Gnosis {rF+ rC++ Dex+6, Fort, Cun} (curse)

@: mighty, on berserk cooldown, flying, hasted and slowed, glowing, silenced
A: sickness immunity, fire resistance 2, cold vulnerability 1, float, innate
caster, HP casting, extra vitality 1
}: 2/15 runes: decaying, serpentine
a: Renounce Religion, Shatter the Chains


You were on level 4 of the Vaults.
You worshipped Ashenzari.
Ashenzari was extremely pleased with you.
You visited 7 branches of the dungeon, and saw 35 of its levels.
You also visited: Sewer, Ossuary, Volcano and Desolation.

You collected 5243 gold pieces.
You spent 2174 gold pieces at shops.

Inventory:

Hand Weapons
 J - the +9 staff of Wucad Mu {*channel}
   (You acquired it on level 5 of the Lair of Beasts)

   It occasionally powers its wielder's spells, but with a chance of causing
   confusion or draining the wielder's intelligence.
   It becomes more likely to activate and less likely to backfire with increased
   Evocations skill.
 X - the cursed +8 flail of Toth-Mos's Legacy (weapon) {holy, rElec rPois rC+ Int+3, Self, Fort}
   (You took it off a deep elf pyromancer on level 13 of the Dungeon)

   It has been blessed by the Shining One to cause great damage to the undead
   and demons.
   Int:       It affects your intelligence (+3).
   rC:        It protects you from cold.
   rElec:     It insulates you from electricity.
   rPois:     It protects you from poison.
   It has a curse which improves the following skills: Introspection: Fighting
   and Spellcasting.
   Fortitude: Armour and Shields.
Armour
 i - the cursed +0 ring mail of the Esoteric Oracle (worn) {*Corrode rN++ Will+ Int+4, Self, Fort}
   (You bought it in a shop on level 2 of the Orcish Mines)

   Int:       It affects your intelligence (+4).
   rN:        It greatly protects you from negative energy.
   *Corrode:  It may corrode you when you take damage.
   Will:      It increases your willpower.
   It has a curse which improves the following skills: Introspection: Fighting
   and Spellcasting.
   Fortitude: Armour and Shields.
 q - the cursed +2 hat "Seer of the Cosmic Seer" (worn) {Will+, Fort, Melee}
   (You took it off Gastronok on level 3 of the Lair of Beasts)

   It has a curse which improves the following skills: Fortitude: Armour and
   Shields.
   Melee Combat: Short Blades, Long Blades, Axes, Maces & Flails, Polearms,
   Staves and Unarmed Combat.
 t - the cursed +2 pair of gloves of Ouranomancy (worn) {Cun, Self}
   (You found it on level 3 of the Dungeon)

   It has a curse which improves the following skills: Cunning: Dodging and
   Stealth.
   Introspection: Fighting and Spellcasting.
 y - the cursed +0 cloak "Doubts of Ashenzari" (worn) {Self, Cun}
   (You took it off Crazy Yiuf on level 3 of the Dungeon)

   It has a curse which improves the following skills: Introspection: Fighting
   and Spellcasting.
   Cunning:   Dodging and Stealth.
 A - the cursed +2 kite shield "Fetters of Ashenzari" (worn) {AC+3, Self, Fort}
   (You took it off a naga warrior on level 4 of the Snake Pit)

   It has a curse which improves the following skills: Introspection: Fighting
   and Spellcasting.
   Fortitude: Armour and Shields.
Jewellery
 f - the cursed ring of Supernal Gnosis (right hand) {rF+ rC++ Dex+6, Fort, Cun}
   (You bought it in a shop on level 1 of the Vaults)

   [ring of dexterity]

   Dex:       It affects your dexterity (+6).
   rF:        It protects you from fire.
   rC:        It greatly protects you from cold.
   It has a curse which improves the following skills: Fortitude: Armour and
   Shields.
   Cunning:   Dodging and Stealth.
 I - a ring of willpower
 P - the cursed ring "Bound Together" (left hand) {Wiz rCorr Int+6, Cun, Self}
   (You found it in the Desolation of Salt)

   [ring of wizardry]

   It improves your spell success rate.
   Int:       It affects your intelligence (+6).
   rCorr:     It protects you from acid and corrosion.
   It has a curse which improves the following skills: Cunning: Dodging and
   Stealth.
   Introspection: Fighting and Spellcasting.
 W - an amulet of regeneration (around neck)
Wands
 H - a wand of digging (31)
 K - a wand of paralysis (32)
 O - a wand of light (7)
 Q - a wand of polymorph (10)
 S - a wand of flame (40)
 Y - a wand of iceblast (6)
Scrolls
 d - 10 scrolls of fog
 e - 3 scrolls of enchant armour
 g - 12 scrolls of fear
 l - a scroll of summoning
 n - 8 scrolls of immolation
 o - 7 scrolls of enchant weapon
 r - 3 scrolls of torment
 u - 4 scrolls of blinking
 v - 4 scrolls of magic mapping
 w - 9 scrolls of poison
 x - 3 scrolls of silence
 B - 5 scrolls of brand weapon
 C - 7 scrolls of vulnerability
 D - 18 scrolls of teleportation
 L - 2 scrolls of acquirement
 R - 4 scrolls of noise
Potions
 a - 5 potions of lignification
 b - 15 potions of curing
 c - 7 potions of resistance
 h - 5 potions of berserk rage
 j - 5 potions of attraction
 k - 6 potions of heal wounds
 m - 9 potions of mutation
 p - 6 potions of brilliance
 z - 10 potions of haste
 E - 7 potions of cancellation
 F - 5 potions of ambrosia
 G - 2 potions of invisibility
 M - 3 potions of might
Miscellaneous
 N - a lightning rod (4/4)
 T - a phial of floods
 V - a box of beasts
 Z - a condenser vane (inert)


   Skills:
 + Level 16.9(24.0) Fighting
 + Level 6.9(9.3) Maces & Flails
 - Level 14.0(20.4) Armour
 - Level 19.5(24.7) Dodging
 - Level 14.3(19.7) Stealth
 - Level 14.0(20.4) Shields
 - Level 5.1(7.3) Unarmed Combat
 - Level 15.6(22.8) Spellcasting


You had 2 spell levels left.
You knew the following spells:

 Your Spells              Type           Power      Damage    Failure   Level
a - Freeze                Ice            100%       1d11      0%          1
b - Frozen Ramparts       Ice            100%       1d16      0%          3
c - Ozocubu's Armour      Ice            100%       N/A       0%          3
d - Hailstorm             Conj/Ice       100%       3d20      0%          4
e - Summon Small Mammal   Summ           100%       N/A       0%          1
f - Poisonous Vapours     Pois/Air       100%       N/A       0%          2
g - Vampiric Draining     Necr           100%       2d13      0%          3
h - Ice Form              Ice/Tmut       100%       N/A       0%          4
i - Freezing Cloud        Conj/Ice/Air   61%        6-21      0%          5
j - Alistair's Intoxicat  Tmut/Pois      81%        N/A       0%          5
k - Conjure Ball Lightni  Conj/Air       61%        3x3d22    0%          6
l - Haunt                 Necr/Summ      61%        N/A       1%          7
m - Simulacrum            Ice/Necr       61%        N/A       0%          6
n - Disjunction           Tloc           61%        N/A       1%          8
o - Ozocubu's Refrigerat  Ice            61%        4d21      1%          7
Your spell library was empty.

Dungeon Overview and Level Annotations

Branches:
Dungeon (15/15)            Temple (1/1) D:6            Lair (5/5) D:8
  Swamp (4/4) Lair:2        Snake (4/4) Lair:3        Slime (0/5) Lair:5
    Orc (2/2) D:11            Elf (0/3) Orc:2        Vaults (4/5) D:14
  Crypt (0/3) Vaults:3     Depths (0/4) D:15          Sewer (visited)
Ossuary (visited)         Volcano (visited)         Desolation (visited)

Altars:
Ashenzari
Cheibriados
Dithmenos
Elyvilon
Fedhas
Gozag
Hepliaklqana
Makhleb
Nemelex Xobeh
Okawaru
Qazlal
Ru
Trog
Uskayaw
Wu Jian
Xom
Yredelemnul
Zin
The Shining One
Jiyva

Shops:
D:1 :   D:2 *   D:7 [(*[*[   D:12 ?   Orc:1 (*   Orc:2 (=([*   Snake:4 :=
Vaults:1 =

Portals:
Trove: Vaults:1 (give +4 ice dragon scales)

Annotations:
D:11 2 transporters, paps's ghost, journeyman TrGl
Vaults:4 Mennas


Innate Abilities, Weirdness & Mutations

You are immune to sickness and miasma.
You are immune to poison.
Your flesh is very heat resistant. (rF++)
You are vulnerable to cold. (rC-)
You float through the air rather than walking.
You learn spells naturally, not from books.
Your magical power is your life essence.
You have superior vitality. (+4 MHP)


Message History

Mennas hits you with a +0 sacred scourge of holy wrath!
* * * LOW HITPOINT WARNING * * *
Mennas hits you with a +0 sacred scourge of holy wrath.
* * * LOW HITPOINT WARNING * * *
Mennas blocks your attack.
Mennas is severely wounded.
You block Mennas's attack. x2
You bludgeon Mennas!!
Mennas is almost dead.
Mennas hits you with a +0 sacred scourge of holy wrath!
* * * LOW HITPOINT WARNING * * *
Mennas barely misses you. Mennas blocks your attack.
Mennas is severely wounded.
Mennas completely misses you. You block Mennas's attack.
Mennas blocks your attack.
Mennas is severely wounded.
Mennas becomes audible again.
Mennas gestures frantically.
You resist with almost no effort.
You hit Mennas but do no damage.
Mennas is severely wounded.
Mennas gestures frantically.
Mennas's surroundings become eerily quiet.
Your icy armour will break if you move.
Continue?
Your icy armour cracks and falls away as you move.
You feel a strong urge to attack something.
Mennas attacks as you move away! You block Mennas's attack.
Mennas hits you but does no damage.
You are no longer berserk.
You are exhausted.
You feel yourself slow down.
Okay, then.
Mennas barely misses you. Mennas hits you but does no damage.
Mennas attacks as you move away!
Mennas hits you with a +0 sacred scourge of holy wrath!
* * * LOW HITPOINT WARNING * * *
Mennas hits you but does no damage.
Mennas hits you with a +0 sacred scourge of holy wrath!!
You die...

* ##+########+########## *,
........................
#..........................
#..........................
#.............)............
#...........)..)...........
#.................)........
#.................)).......
#.........@A.....#########.
#................#.......#.
#.....#+##.......#.{{...,#.
##.....#..###.....#{,
{,,,#A ##
###....##....###...# ,{, #.
#######....#.......###.#
,,,,#. #######...##... , ,
#.# , , ,*,
#######...#...,,, , .#** *
....Z.'..##..,, ,, , ,,,,
,,


You could see Mennas (silencing, weak-willed, reflecting).

Vanquished Creatures
  Saint Roka (Orc:2)
  Rupert (D:13)
  The ghost of Iseoff the Acrobat, an adept MfGl of Okawaru (Snake:3)
  Gastronok (Lair:3)
  A sphinx (Vaults:4)
  Agnes (Snake:2)
  A tengu reaver (Vaults:3)
  Kirke (Lair:4)
  9 nagarajas
  3 vault wardens
  A fenstrider witch (Swamp:4)
  Aizul (Snake:4)
  Louise (Snake:2)
  An orc warlord (Vaults:1)
  2 war gargoyles (Vaults:2)
  3 very ugly things
  5 ironbound preservers
  An eleionoma (Swamp:4)
  Azrael (D:14)
  7 dire elephants
  2 fire dragons (D:11)
  Josephine (D:11)
  3 great orbs of eyes
  6 ragged hierophants
  A shambling mangrove (Swamp:3)
  14 hydras
  Erolcha (Orc:1)
  5 yaktaur captains
  2 servants of whispers (Desolation)
  A vault guard (Vaults:3)
  A salamander tyrant (Snake:4)
  A peacekeeper (Desolation)
  2 ogre magi (D:15)
  13 anacondas
  12 centaur warriors
  7 boulder beetles
  4 alligators
  A death knight (D:12)
  14 two-headed ogres
  Erica (D:8)
  19 naga warriors
  A tengu warrior (D:13)
  10 naga sharpshooters
  7 shock serpents
  A hell knight (Vaults:4)
  An orc high priest (Orc:2)
  Amaemon (D:9)
  Nergalle (D:11)
  4 salamander mystics
  A goliath frog (Swamp:2)
  3 skeletal warriors
  A sea snake (Snake:1)
  A glowing orange brain (Vaults:1)
  10 deep trolls
  4 wizards
  2 spriggan druids
  11 naga ritualists
  3 swamp dragons
  A bog body (Swamp:2)
  3 lindwurms
  6 orc knights
  A wolf spider zombie (D:15)
  5 ironbound convokers
  A harpy (Vaults:1)
  9 mana vipers
  3 necromancers
  24 ugly things
  9 orc sorcerers
  A wolf spider (D:13)
  7 deep elf pyromancers
  3 manticores
  A will-o-the-wisp (Swamp:4)
  7 cyclopes
  A salamander (shapeshifter) (D:14)
  22 salamanders
  A stone giant skeleton (Vaults:1)
  6 guardian serpents
  13 elephants
  Joseph (D:8)
  16 naga magi
  A centaur zombie (D:15)
  35 black mambas
  A smoke demon (Lair:5)
  6 vault sentinels
  9 cane toads
  An orange demon (D:9)
  4 gargoyles
  2 rime drakes
  A torpor snail (Lair:1)
  3 efreet
  17 yaktaurs
  8 komodo dragons
  An unseen horror (D:7)
  2 kobold demonologists
  An anaconda simulacrum (Snake:3)
  A yaktaur skeleton (Vaults:1)
  A freezing wraith (D:12)
  A spectral salamander (Snake:3)
  A human skeleton (Vaults:3)
  5 trolls
  3 polar bears
  2 tyrant leeches
  4 hornets
  A harpy skeleton (Volcano)
  32 saltlings
  Grinder (D:6)
  14 slime creatures
  14 blink frogs
  A spectral black mamba (Snake:3)
  4 dream sheep (Lair:5)
  A stone giant simulacrum (Vaults:1)
  3 flying skulls (Volcano)
  A shadow (D:11)
  4 centaur simulacra
  3 vampires
  53 yaks
  2 alligator skeletons (Volcano)
  A spriggan (Swamp:3)
  5 wraiths
  2 fire elementals (D:14)
  3 wyverns
  2 human simulacra
  3 steam dragons
  5 basilisks
  19 vampire mosquitoes
  Menkaure (D:6)
  A human zombie (Vaults:1)
  7 wargs
  46 nagas
  3 acid dragons
  A two-headed ogre zombie (D:11)
  6 swamp worms
  15 water moccasins
  2 sky beasts
  30 orc warriors
  A black bear (D:6)
  A guardian serpent simulacrum (Snake:3)
  6 hell hounds (D:14)
  5 swamp drakes
  3 small abominations (Lair:5)
  Pargi (Sewer)
  3 black mamba simulacra (Snake:3)
  4 ice beasts
  8 ogres
  3 boggarts (Vaults:2)
  A boggart (shapeshifter) (D:12)
  11 centaurs
  2 phantoms (D:11)
  5 kobold brigands
  15 bullfrogs
  Blork the orc (Orc:2)
  2 gnoll sergeants
  3 necrophages
  5 scorpions
  A hornet simulacrum (D:15)
  2 troll zombies (D:11)
  5 wights (D:7)
  2 naga simulacra (Snake:3)
  11 killer bees
  3 electric eels (Snake:1)
  5 howler monkeys
  4 vampire bats (Lair:5)
  2 jellies
  19 orc priests
  4 hounds
  Crazy Yiuf (D:3)
  Terence (D:2)
  6 iguanas
  44 orc wizards
  5 ogre zombies (D:11)
  2 naga skeletons (Volcano)
  12 mummies (Ossuary)
  3 gnolls (D:8)
  11 adders
  2 shadow imps
  A white imp (D:6)
  2 ufetubi
  7 worms
  4 dart slugs
  67 orcs
  4 endoplasms
  4 giant cockroaches
  8 hobgoblins
  8 jackals
  4 quokkas
  5 ball pythons
  16 bats
  3 frilled lizards
  3 gnoll skeletons (Ossuary)
  4 goblins
  3 goblin skeletons (Ossuary)
  4 goblin zombies (D:11)
  2 hobgoblin skeletons (D:11)
  3 hobgoblin zombies (D:11)
  23 kobolds
  2 kobold skeletons (Ossuary)
  3 orc skeletons (D:11)
  12 orc zombies (D:11)
  10 rats
  11 rat skeletons (Ossuary)
  5 briar patches
  A bush (D:13)
  A butterfly (Lair:4)
1198 creatures vanquished.

Vanquished Creatures (collateral kills)
  Margery (Vaults:4)
  Vashnia (Snake:2)
  3 tentacled monstrosities
  7 thorn hunters
  2 tengu reavers
  The ghost of MirrMurr the Warrior, an adept DsBe of Trog (Swamp:1)
  6 vault wardens
  A deep elf sorcerer (Vaults:3)
  A frost giant (Vaults:3)
  An orc warlord (Vaults:3)
  2 ghouls
  A war gargoyle (Vaults:2)
  6 ironbound preservers
  3 very ugly things
  9 ironbound thunderhulks
  A vampire knight (Vaults:3)
  11 dire elephants
  An eleionoma (Swamp:2)
  A halazid warlock (Desolation)
  3 bunyips
  3 crystal guardians
  11 ragged hierophants (Desolation)
  A great orb of eyes (Vaults:3)
  7 yaktaur captains
  5 servants of whispers (Desolation)
  8 vault guards
  14 hydras
  7 peacekeepers
  A boulder beetle (Vaults:3)
  6 alligators
  A centaur warrior (Vaults:1)
  3 ironbound frosthearts
  A spriggan berserker (Swamp:2)
  2 hell knights (Vaults:4)
  A spriggan druid (Swamp:2)
  11 deep trolls
  3 goliath frogs (Swamp:3)
  An obsidian statue (Vaults:1)
  9 swamp dragons
  2 bog bodies
  9 lindwurms
  3 harpies (Vaults:1)
  13 ironbound convokers
  A necromancer (Vaults:3)
  5 orc knights
  5 ugly things
  A fire giant zombie (Vaults:3)
  2 will-o-the-wisps
  14 slime creatures
  3 molten gargoyles (Desolation)
  2 guardian serpents (Desolation)
  A naga mage (Snake:1)
  8 vault sentinels
  11 yaktaurs
  A bloated husk (Swamp:4)
  6 hornets (Swamp:2)
  A slime creature (shapeshifter) (Vaults:1)
  52 saltlings (Desolation)
  9 spriggans
  A vampire (Vaults:3)
  A yak (D:12)
  2 vampire mosquitoes (Swamp:3)
  12 swamp worms
  5 swamp drakes
  2 ball lightnings
  2 briar patches (Swamp:3)
331 creatures vanquished.

Vanquished Creatures (others)
  A ragged hierophant (Desolation)
  A peacekeeper (Desolation)
  A wizard (Vaults:4)
  An orc knight (Vaults:1)
  2 saltlings (Desolation)
  2 humans (Lair:4)
  A kobold (D:8)
  An orc skeleton (D:11)
  120 ball lightnings
  2 briar patches
  2 bushes (D:13)
  20 foxfires
  24 fungi
  59 plants
  6 withered plants (Desolation)
243 creatures vanquished.

Grand Total: 1772 creatures vanquished

Notes
Turn   | Place    | Note
-------+----------+-------------------------------------------
     0 | D:1      | Plasmagod the Djinni Ice Elementalist began the quest for
                  | the Orb.
     0 | D:1      | Plasmagod set off with the following spells memorised:
                  | Freeze, Frozen Ramparts, Ozocubu's Armour, Hailstorm.
     0 | D:1      | Reached XP level 1. HP: 15/15 MP: 0/0
   160 | D:1      | Found a faded altar of an unknown god.
   359 | D:1      | Reached XP level 2. HP: 18/21 MP: 0/0
   589 | D:1      | Found Ofukun's Book Emporium.
   770 | D:2      | Found Lusi's General Store.
   790 | D:2      | Reached XP level 3. HP: 6/25 MP: 0/0
   790 | D:2      | Learned a level 1 spell: Summon Small Mammal
  1531 | D:2      | Noticed Terence
  1547 | D:2      | Killed Terence
  1548 | D:2      | Reached XP level 4. HP: 19/31 MP: 0/0
  1856 | D:2      | Found a shimmering altar of Xom.
  2085 | D:2      | Reached XP level 5. HP: 32/35 MP: 0/0
  2085 | D:2      | Learned a level 2 spell: Poisonous Vapours
  2550 | D:3      | Reached skill level 5 in Spellcasting
  2621 | D:3      | Found a runed translucent door.
  2622 | D:3      | Noticed Crazy Yiuf
  3492 | D:3      | Reached XP level 6. HP: 35/40 MP: 0/0
  3622 | D:3      | Killed Crazy Yiuf
  3715 | D:4      | Noticed an ogre
  3970 | D:4      | Found a glowing drain.
  4004 | Sewer    | Entered a sewer
  4019 | Sewer    | Reached XP level 7. HP: 11/45 MP: 0/0
  4019 | Sewer    | Learned a level 3 spell: Vampiric Draining
  4262 | Sewer    | Noticed Pargi
  4268 | Sewer    | Killed Pargi
  4371 | D:4      | Found a sparkling altar of Nemelex Xobeh.
  4756 | D:4      | Reached XP level 8. HP: 46/50 MP: 0/0
  4906 | D:5      | Entered Level 5 of the Dungeon
  6589 | D:6      | Found a staircase to the Ecumenical Temple.
  6599 | Temple   | Entered the Ecumenical Temple
  6633 | Temple   | Became a worshipper of Ashenzari the Shackled
  6903 | D:6      | Found a snail-covered altar of Cheibriados.
  6927 | D:6      | Noticed Grinder
  7169 | D:6      | Found a stormy altar of Qazlal.
  7188 | D:6      | Reached XP level 9. HP: 47/55 MP: 0/0
  7188 | D:6      | Learned a level 4 spell: Ice Form
  7425 | D:6      | Killed Grinder
  7991 | D:6      | Noticed Menkaure
  8001 | D:6      | Killed Menkaure
  8299 | D:6      | Reached skill level 10 in Spellcasting
  8353 | D:6      | Found a shimmering altar of Xom.
  8424 | D:7      | Found a sand-covered staircase.
  8441 | D:7      | Found Sacriepy's Armour Shop.
  8444 | Ossuary  | Entered an ossuary
  9378 | D:7      | Found Reifet's Retail Resort.
  9525 | D:7      | Found Niewniant's Assorted Antiques.
  9529 | D:7      | Found Guoleom's Armour Boutique.
  9532 | D:7      | Identified the cursed +0 cloak "Doubts of Ashenzari" {Self,
                  | Cun} (You took it off Crazy Yiuf on level 3 of the Dungeon)
  9595 | D:7      | Found Ujoassih's Weapon Boutique.
  9629 | D:7      | Reached skill level 1 in Fighting
  9629 | D:7      | Reached XP level 10. HP: 60/63 MP: 0/0
  9683 | D:7      | Reached skill level 3 in Dodging
 10066 | D:7      | Noticed a deep elf pyromancer
 10274 | D:7      | Found Xogh's Antique Armour Boutique.
 10484 | D:7      | Killed an unseen horror
 10485 | D:7      | Reached skill level 4 in Dodging
 10490 | D:7      | Killed a deep elf pyromancer
 10566 | D:7      | Reached skill level 5 in Dodging
 10819 | D:8      | Noticed Erica
 10828 | D:8      | Killed Erica
 10829 | D:8      | Reached XP level 11. HP: 74/74 MP: 0/0
 10829 | D:8      | Learned a level 5 spell: Freezing Cloud
 11042 | D:8      | Found an ornate altar of the Wu Jian Council.
 11075 | D:8      | Noticed Joseph
 11083 | D:8      | Killed Joseph
 11084 | D:8      | Reached skill level 5 in Fighting
 11084 | D:8      | Reached skill level 6 in Dodging
 11084 | D:8      | Reached skill level 5 in Stealth
 11608 | D:8      | Found a staircase to the Lair.
 11725 | D:8      | Noticed a boulder beetle
 11732 | D:8      | Killed a boulder beetle
 11887 | D:8      | Noticed a boulder beetle
 11896 | D:8      | Killed a boulder beetle
 12137 | D:9      | Noticed Amaemon
 12147 | D:9      | Killed Amaemon
 12148 | D:9      | Reached skill level 7 in Dodging
 13131 | D:10     | Entered Level 10 of the Dungeon
 14070 | D:10     | Reached * piety under Ashenzari
 14070 | D:10     | Identified a scroll of acquirement
 14226 | D:10     | Reached XP level 12. HP: 81/84 MP: 0/0
 14542 | D:11     | Noticed a centaur warrior
 14550 | D:11     | Killed a centaur warrior
 14554 | D:11     | Noticed a fire dragon
 14635 | Lair:1   | Entered Level 1 of the Lair of Beasts
 14952 | Lair:1   | Reached ** piety under Ashenzari
 14997 | Lair:1   | Reached skill level 8 in Dodging
 15004 | Lair:1   | Noticed an eight-headed hydra
 15015 | Lair:1   | Reached skill level 1 in Armour
 15015 | Lair:1   | Reached skill level 1 in Shields
 15016 | Lair:1   | Killed an eight-headed hydra
 15107 | Lair:1   | Identified the cursed +2 pair of gloves of Ouranomancy
                  | {Cun, Self} (You found it on level 3 of the Dungeon)
 15641 | Lair:1   | Acquired a manual of Dodging
 16007 | Lair:2   | Noticed a seven-headed hydra
 16018 | Lair:2   | Killed a seven-headed hydra
 16109 | Lair:2   | Noticed a five-headed hydra
 16119 | Lair:2   | Killed a five-headed hydra
 16120 | Lair:2   | Reached skill level 9 in Dodging
 16199 | Lair:2   | Found a staircase to the Swamp.
 16573 | Lair:2   | Reached *** piety under Ashenzari
 16658 | Lair:2   | Found a burning altar of Makhleb.
 17013 | Lair:2   | Identified the Atlas of Calescent Concussion (You found it
                  | on level 7 of the Dungeon)
 17125 | Lair:3   | Reached XP level 13. HP: 87/92 MP: 0/0
 17125 | Lair:3   | Learned a level 5 spell: Alistair's Intoxication
 17196 | Lair:3   | Noticed a four-headed hydra
 17202 | Lair:3   | Killed a four-headed hydra
 17218 | Lair:3   | Identified the cursed +2 robe of Ashenzari's Stars {Will+,
                  | Cun, Fort} (You took it off Erica on level 8 of the
                  | Dungeon)
 17438 | Lair:3   | Noticed a seven-headed hydra
 17445 | Lair:3   | Reached skill level 10 in Dodging
 17447 | Lair:3   | Killed a seven-headed hydra
 17672 | Lair:3   | Found a staircase to the Snake Pit.
 17978 | Lair:3   | Noticed Gastronok
 18001 | Lair:3   | Killed Gastronok
 18280 | Lair:4   | Found a dark tunnel.
 18287 | Volcano  | Entered a volcano
 18406 | Volcano  | Identified the cursed +2 hat "Seer of the Cosmic Seer"
                  | {Will+, Fort, Melee} (You took it off Gastronok on level 3
                  | of the Lair of Beasts)
 18692 | Volcano  | Reached skill level 5 in Armour
 19025 | Volcano  | Reached skill level 1 in Unarmed Combat
 19229 | Volcano  | Reached skill level 5 in Shields
 19480 | Volcano  | Reached skill level 11 in Dodging
 19634 | Lair:4   | Noticed a four-headed hydra
 19634 | Lair:4   | Noticed a five-headed hydra
 19649 | Lair:4   | Killed a four-headed hydra
 19650 | Lair:4   | Killed a five-headed hydra
 19982 | Lair:4   | Identified the +1 robe of Courage {Regen+}
 20005 | Lair:4   | Noticed Kirke
 20011 | Lair:4   | Identified the cursed ring "Lashed Scepticism" {EV+4, Evo,
                  | Fort} (You found it on level 3 of the Dungeon)
 20015 | Lair:4   | Killed Kirke
 20016 | Lair:4   | Reached XP level 14. HP: 77/105 MP: 0/0
 20751 | Lair:5   | Entered Level 5 of the Lair of Beasts
 21128 | Lair:5   | Found a staircase to the Slime Pits.
 21129 | Lair:5   | Found a viscous altar of Jiyva.
 21453 | Lair:5   | Reached skill level 12 in Dodging
 21779 | Lair:5   | Acquired the +9 staff of Wucad Mu {*channel}
 21779 | Lair:5   | Found the +9 staff of Wucad Mu {*channel}
 22768 | D:11     | Noticed Nergalle
 23136 | D:11     | Found a staircase to the Orcish Mines.
 23459 | D:11     | Found a runed translucent door.
 23509 | D:11     | Killed Nergalle
 23689 | D:11     | Noticed Josephine
 23721 | D:11     | Killed Josephine
 23900 | D:11     | Found a runed translucent door.
 24265 | D:11     | Identified the +10 quarterstaff "Transmigrator" {venom,
                  | SInv}
 24266 | D:11     | Found a transporter.
 24266 | D:11     | Noticed paps's ghost (journeyman TrGl)
 24273 | D:11     | Identified the +10 dire flail of Puedgh Yniu {freeze, rElec
                  | SInv}
 24280 | D:11     | Found a transporter.
 24287 | D:11     | Acquired the ring of Ru, Enchanting {rF+ rC+ MP+9}
 24367 | D:11     | Reached XP level 15. HP: 90/112 MP: 0/0
 24367 | D:11     | Learned a level 6 spell: Conjure Ball Lightning
 24425 | D:11     | Reached skill level 13 in Dodging
 25286 | D:12     | Reached skill level 5 in Unarmed Combat
 25288 | D:12     | Reached skill level 10 in Fighting
 27024 | D:12     | Found Duiboh's Magic Scroll Emporium.
 27410 | D:13     | Noticed Rupert
 28272 | D:13     | Killed Rupert
 28273 | D:13     | Reached skill level 14 in Dodging
 28703 | D:13     | Identified the +8 flail "Wit Okk" {holy, rElec rPois rC+
                  | Int+3}
 29488 | D:14     | Noticed Azrael
 29494 | D:14     | Killed Azrael
 29495 | D:14     | Noticed an ironbound preserver
 29497 | D:14     | Reached XP level 16. HP: 81/122 MP: 0/0
 29504 | D:14     | Reached skill level 10 in Stealth
 29815 | D:14     | Found a gate to the Vaults.
 30283 | D:15     | Entered Level 15 of the Dungeon
 30524 | D:15     | Found a staircase to the Depths.
 30543 | D:15     | Reached skill level 15 in Dodging
 32241 | Orc:1    | Entered Level 1 of the Orcish Mines
 32253 | Orc:1    | Found Wogar's Weapon Shoppe.
 32647 | Orc:1    | Reached **** piety under Ashenzari
 33044 | Orc:1    | Found Welytiut's General Store.
 33216 | Orc:2    | Entered Level 2 of the Orcish Mines
 33548 | Orc:1    | Noticed Erolcha
 33556 | Orc:1    | Killed Erolcha
 34223 | Orc:2    | Found Jumak's Antique Weapon Shop.
 34253 | Orc:2    | Reached XP level 17. HP: 122/133 MP: 0/0
 34253 | Orc:2    | Learned a level 7 spell: Haunt
 34763 | Orc:2    | Noticed Saint Roka
 34763 | Orc:2    | Noticed Blork the orc
 34766 | Orc:2    | Killed Blork the orc
 35186 | Orc:2    | Killed Saint Roka
 35405 | Orc:2    | Reached skill level 16 in Dodging
 35638 | Orc:2    | Found Kaobin's Jewellery Emporium.
 35690 | Orc:2    | Found Juekoan's Antique Weapon Emporium.
 35760 | Orc:2    | Found Onumu's General Store.
 35766 | Orc:2    | Bought a scroll of blinking for 105 gold pieces
 35867 | Orc:2    | Found a staircase to the Elven Halls.
 35908 | Orc:2    | Found Lixel's Antique Armour Emporium.
 35914 | Orc:2    | Bought a slimy ring mail for 225 gold pieces
 35914 | Orc:2    | Identified the +0 ring mail of the Solstice {*Corrode rN++
                  | Will+ Int+4} (You bought it in a shop on level 2 of the
                  | Orcish Mines)
 35993 | Orc:2    | Bought a sheer robe for 142 gold pieces
 35993 | Orc:2    | Identified the +2 robe of the Barracuda {Rampage} (You
                  | bought it in a shop on level 2 of the Orcish Mines)
 36255 | Snake:1  | Entered Level 1 of the Snake Pit
 38304 | Snake:2  | Noticed Agnes
 38310 | Snake:2  | Killed Agnes
 38464 | Snake:2  | Noticed Vashnia
 38481 | Snake:2  | Killed Vashnia
 38482 | Snake:2  | Reached skill level 10 in Shields
 38515 | Snake:2  | Reached skill level 10 in Armour
 39841 | Snake:2  | Noticed Louise
 39848 | Snake:2  | Killed Louise
 40652 | Snake:3  | Reached XP level 18. HP: 103/139 MP: 0/0
 41462 | Snake:3  | Found a runed translucent gate.
 41462 | Snake:3  | Found a runed translucent gate.
 41463 | Snake:3  | Found a runed translucent gate.
 41465 | Snake:3  | Noticed Iseoff's ghost (adept MfGl)
 41490 | Snake:3  | Reached skill level 17 in Dodging
 42847 | Snake:4  | Entered Level 4 of the Snake Pit
 42848 | Snake:4  | Acquired 1084 gold pieces
 43570 | Snake:4  | Found Ydioss's One-of-a-Kind Rings.
 43712 | Snake:4  | Found Olin's Book Shoppe.
 43715 | Snake:4  | Noticed Aizul
 43732 | Snake:4  | Killed Aizul
 44142 | Snake:4  | Reached ***** piety under Ashenzari
 44638 | Snake:4  | Reached XP level 19. HP: 36/157 MP: 0/0
 44638 | Snake:4  | Learned a level 6 spell: Simulacrum
 45622 | Snake:4  | Got a serpentine rune of Zot
 45863 | Swamp:1  | Entered Level 1 of the Swamp
 45875 | Swamp:1  | Found a runed translucent gate.
 45875 | Swamp:1  | Found a runed translucent gate.
 45876 | Swamp:1  | Noticed a tentacled monstrosity
 45877 | Swamp:1  | Found a runed translucent gate.
 45878 | Swamp:1  | Noticed MirrMurr's ghost (adept DsBe)
 45879 | Swamp:1  | Noticed a tentacled monstrosity
 46547 | Swamp:1  | Killed a tentacled monstrosity
 46548 | Swamp:1  | Killed a tentacled monstrosity
 46549 | Swamp:1  | Killed MirrMurr's ghost
 47757 | Swamp:3  | Reached skill level 18 in Dodging
 48221 | Swamp:3  | Identified the +7 flail "Ynuoza" {vorpal, rN+ Str+3 Dex+2
                  | Stlth+}
 48567 | Swamp:4  | Entered Level 4 of the Swamp
 48567 | Swamp:4  | Noticed a tentacled monstrosity
 48584 | Swamp:3  | Killed a tentacled monstrosity
 48626 | Swamp:3  | Identified the cursed +2 kite shield "Fetters of Ashenzari"
                  | {AC+3, Self, Fort} (You took it off a naga warrior on level
                  | 4 of the Snake Pit)
 48953 | Swamp:4  | Reached XP level 20. HP: 133/167 MP: 0/0
 48996 | Swamp:4  | Got a decaying rune of Zot
 49889 | Vaults:1 | Entered Level 1 of the Vaults
 49895 | Vaults:1 | Found a portal to a secret trove of treasure.
 50247 | Snake:3  | Killed Iseoff's ghost
 51794 | Vaults:1 | Found Jeleeponn's Jewellery Boutique.
 51801 | Vaults:1 | Bought the ring of Dulaeb {rF+ rC++ Dex+6} for 1282 gold
                  | pieces
 52037 | D:7      | Bought an amulet of regeneration for 420 gold pieces
 52273 | Vaults:1 | Reached skill level 15 in Spellcasting
 53148 | Vaults:2 | Reached XP level 21. HP: 79/173 MP: 0/0
 53148 | Vaults:2 | Learned a level 8 spell: Disjunction
 53817 | Vaults:2 | Identified the +0 helmet of Omission {Contam rF+ Will+
                  | Str+4}
 54069 | Vaults:2 | Reached skill level 19 in Dodging
 54270 | Vaults:2 | Reached skill level 15 in Fighting
 54667 | Vaults:3 | Reached skill level 1 in Maces & Flails
 54711 | Vaults:3 | Found a staircase to the Crypt.
 55126 | Vaults:3 | Reached XP level 22. HP: 141/182 MP: 0/0
 55924 | Vaults:4 | Noticed Mennas
 56195 | Vaults:4 | Noticed Margery
 56211 | Vaults:4 | Killed Margery
 56288 | Vaults:4 | Found a crumbling gateway.
 56310 | Desolati | Entered the Desolation of Salt
 56311 | Desolati | Upgraded the game from 0.30-a0-29-g142975f185 to
                  | 0.30-a0-34-gbe8da3892a
 56504 | Desolati | Identified the +4 double sword of Grandeur {freeze, rPois
                  | Dex+5}
 56600 | Desolati | Identified the Directory of Congregated Translocation
 56604 | Desolati | Identified the +0 buckler "Unloaq" {rPois rF+++ rCorr
                  | Int-3}
 56635 | Desolati | Identified the +1 robe of the Puckish God {Harm Int+2}
 56655 | Desolati | Identified the +2 troll leather armour of Recklessness
                  | {+Blink rElec Regen+ Str-2 Slay+6}
 56681 | Desolati | Reached skill level 5 in Maces & Flails
 57070 | Desolati | Identified the +4 arbalest of Lisolium {venom, rPois MP-9
                  | Str+3 Dex+2}
 57090 | Desolati | Identified Orchao's Incunabulum of Bewitching Flames
 57122 | Desolati | Identified the ring of Orthodoxy {Wiz rCorr Int+6}
 57441 | Desolati | Identified Sif Muna's Compendium of Hurtful Attendants
 57732 | Vaults:4 | Reached XP level 23. HP: 123/192 MP: 0/0
 57732 | Vaults:4 | Learned a level 7 spell: Ozocubu's Refrigeration
 57961 | Vaults:4 | Mangled by Mennas

Illustrated notes

Levels and vault maps discovered:
D:1:      grunt_arrival_crossed_arrows, layout_rooms, serial_shops,
          nicolae_diamond_shop, dreamdust_ecumenical_altar_statues
D:2:      layout_basic, serial_shops, shop, basic_altar, kennysheep_path_1,
          hangedman_abyss_or_decor_stabs, uniq_terence
D:3:      layout_basic, grunt_decor_arrowhead, minmay_fractal_squares_gapless_5,
          uniq_crazy_yiuf_cottage
D:4:      layout_cave_pools, mainiacjoe_overflow_catwalk, portal_sewer_entry_c,
          minmay_fractal_squares_5
D:5:      layout_gridville, mainiacjoe_overflow_surrounded_room
D:6:      layout_layer_cave, lemuel_coloured_pillars_altar, grunt_qazlal_clouds,
          nicolae_overflow_hidden_temple, minmay_temple_entry_drinking_statues,
          uniq_menkaure, uniq_grinder
D:7:      minmay_chambers_of_sevens, layout_cave_pools, serial_shops,
          nicolae_shop_waterfront, nicolae_shop_hallway_stairs, shop,
          nicolae_inconvenience_store, shop, nicolae_ossuary_entry_monument,
          nicolae_alphabet_shops
D:8:      layout_rooms, mainiacjoe_overflow_24_doors, erik_lair_orcish_takeover,
          minmay_small_thing, uniq_erica, uniq_joseph
D:9:      layout_loops_ring, lemuel_doored_altar, uniq_amaemon
D:10:     layout_layer_cave
D:11:     cheibrodos_histonic, layout_basic, zombieorc2_lemuel,
          gammafunk_ghost_smash, minmay_diamond_spiral, uniq_nergalle,
          uniq_josephine
D:12:     layout_loops_ring, serial_shops, shop, minmay_radiant
D:13:     layout_irregular_city, minmay_hedge_maze,
          nicolae_kikubaaqudgha_miasma_corner, uniq_rupert
D:14:     layout_rooms, skrybe_vaults_entry_preservation, drop_trap, uniq_azrael
D:15:     grunt_enter_depths_magical_seal, layout_irregular_city,
          bh_walls_and_bars, pond
Temple:   eino_wide_crystal_templ
Lair:1:   layout_regular_city, serial_bayou_pond_d, serial_bayou_pond_c
Lair:2:   layout_concentric_octagons, minmay_swamp_entry_swarm, basic_altar,
          lemuel_fruit_fields
Lair:3:   layout_roguey, guppyfry_snake_entry_island, uniq_gastronok
Lair:4:   layout_regular_city, nicolae_volcano_entry_two_sided,
          lemuel_fruit_fields, grunt_megastairs_4, uniq_kirke
Lair:5:   hellmonk_lair_end_abyssal_woods, layout_concentric_octagons,
          slime_entry_1, serial_bayou_pond_e, roderic_batcave
Swamp:1:  nicolae_swamp_long_stream, layout_basic_swamp, gammafunk_ghost_split,
          hangedman_swamp_ruin_wall, nicolae_swamp_bean_lake,
          infiniplex_staircase_pool
Swamp:2:  nzn_winding_woodlands_small [nzn_winding_woodlands_5x15_zeroes,
          nzn_winding_woodlands_center_diamonds,
          nzn_winding_woodlands_5x15_river_crossing], layout_basic_swamp,
          evilmike_swamp_ruin_house_3, swamp_pool5, nicolae_swamp_well_well_well
Swamp:3:  layout_basic_swamp, serial_swamp_ruin, evilmike_swamp_ruin_house_5,
          evilmike_swamp_ruin_rubble_2, evilmike_swamp_ruin_house_4
Swamp:4:  swamp_alternative, layout_basic_swamp, swamp_pool4
Snake:1:  layout_basic, serial_bayou_shore_a, grunt_megastairs_2
Snake:2:  nicolae_snake_hallway, layout_layer_cave, special_room, uniq_agnes,
          uniq_vashnia, uniq_louise
Snake:3:  nicolae_snake_nest, layout_cave_shapes, gammafunk_ghost_necromancy,
          nicolae_snake_gridmaze_waves
Snake:4:  grunt_snake_rune_serpentine_throne, layout_basic, serial_shops,
          shop_fountains, nicolae_shop_unique_rings, uniq_aizul
Orc:1:    layout_diamond_mine, serial_shops, nicolae_shop_trees,
          nicolae_shop_hallway_plus, nooodl_orcs_dogs, uniq_erolcha
Orc:2:    grunt_orc_cross, layout_caves, serial_shops, shop_fountains
Vaults:1: hangedman_vaults_corner, vaults_room_hallway, v_misc_15,
          nicolae_vaults_theta, v_pattern_1, hangedman_vaults_restitches,
          vaults_dpeg_diagonal, v_misc_32, nicolae_vaults_little_squares_1,
          nicolae_vaults_statue_guard, layout_vaults_omnicross, serial_shops,
          shop, enter_trove_3
Vaults:2: hangedman_vaults_cutoff, ontoclasm_vaults_spin,
          nicolae_vaults_know_your_exits, nicolae_vaults_rhombus_7,
          nicolae_vaults_stairing_the_circle, hangedman_vaults_nails,
          nicolae_vaults_three_branches, v_rooms_2, layout_vaults_maze
Vaults:3: nicolae_vaults_little_squares_1, minmay_crypt_entry_vampire_xt,
          nicolae_vaults_halls_meeting, nicolae_vaults_big_ls,
          nicolae_vaults_theta, hangedman_vaults_maws, grunt_vaults_bifocal,
          v_pattern_4, nicolae_vaults_network_periphery,
          nicolae_vaults_little_squares_5, ontoclasm_vaults_ligature,
          vaults_dpeg_hooks, nicolae_vaults_angled_halls, layout_vaults_ring
Vaults:4: portal_desolation_entry_salt, ontoclasm_vaults_misaligned,
          nicolae_vaults_little_squares_1, vaults_dpeg_encased_lava, v_misc_14,
          vaults_mumra_hexcomb, v_misc_19, hangedman_vaults_slice,
          ontoclasm_vaults_decontamination, layout_vaults_big_room, uniq_mennas,
          uniq_margery

Skill      XL: |  1  2  3  4  5  6  7  8  9 10 11 12 13 14 15 16 17 18 19 20 21 22 |
---------------+-------------------------------------------------------------------+-----
Spellcasting   | 4 5 6 7 8 10 11 12 13 14 15 | 15.6
Fighting       | 1 4 6 7 8 9 10 11 12 13 14 15 16 | 16.9
Stealth        | 2 4 6 7 8 9 10 11 12 13 14 | 14.3
Dodging        | 5 7 9 11 12 14 15 16 17 18 19 | 19.5
Armour         | 3 5 6 8 9 10 11 12 13 14 | 14.0
Shields        | 3 5 6 8 9 10 11 12 13 14 | 14.0
Unarmed Combat | 2 4 5 |  5.1
Maces & Flails | 1 6 |  6.9

Action                   |  1- 3 |  4- 6 |  7- 9 | 10-12 | 13-15 | 16-18 | 19-21 | 22-24 || total
-------------------------+-------+-------+-------+-------+-------+-------+-------+-------++-------
Melee: Spear             |     9 |    50 |    34 |     7 |    12 |       |       |       ||   112
       Unarmed           |       |       |   104 |    36 |    71 |       |    44 |       ||   255
       Staff             |       |       |       |       |    36 |       |       |       ||    36
       Flail             |       |       |       |       |       |    30 |    81 |   190 ||   301
 Cast: Freeze            |    46 |    82 |    72 |       |     4 |       |       |       ||   204
       Frozen Ramparts   |     1 |     8 |    28 |    43 |    78 |    41 |    42 |    16 ||   257
       Ozocubu's Armour  |     1 |     3 |    32 |    35 |    61 |    35 |    41 |    22 ||   230
       Vampiric Draining |       |       |    24 |   141 |   222 |   195 |   261 |    44 ||   887
       Summon Small Mamm |       |       |     2 |     1 |       |       |       |       ||     3
       Ice Form          |       |       |    12 |    24 |    14 |       |     3 |     1 ||    54
       Hailstorm         |       |       |     9 |    30 |   183 |   237 |    66 |    24 ||   549
       Poisonous Vapours |       |       |     1 |    32 |   115 |   157 |    18 |    37 ||   360
       Freezing Cloud    |       |       |       |    11 |    33 |   102 |    31 |    24 ||   201
       Alistair's Intoxi |       |       |       |       |     3 |     7 |     1 |     3 ||    14
       Conjure Ball Ligh |       |       |       |       |     8 |    24 |     6 |     6 ||    44
       Haunt             |       |       |       |       |       |     3 |     9 |    10 ||    22
       Simulacrum        |       |       |       |       |       |       |   160 |    67 ||   227
       Disjunction       |       |       |       |       |       |       |     1 |     2 ||     3
       Ozocubu's Refrige |       |       |       |       |       |       |       |     1 ||     1
Invok: Curse Item        |       |       |     1 |     3 |     2 |     3 |     1 |     2 ||    12
       Shatter the Chain |       |       |       |       |     1 |     1 |     1 |     1 ||     4
 Abil: End Transformatio |       |       |       |       |     1 |       |       |       ||     1
Evoke: Box of beasts     |       |       |       |       |     1 |       |       |       ||     1
       Wand              |       |       |       |       |       |     1 |     1 |       ||     2
       Condenser vane    |       |       |       |       |       |       |       |     1 ||     1
  Use: Scroll            |       |       |       |     1 |     6 |     2 |       |     1 ||    10
       Potion            |       |       |       |       |     1 |       |     7 |     8 ||    16
 Stab: Sleeping          |     2 |     7 |     5 |     2 |     2 |     1 |       |     2 ||    21
       Distracted        |       |     1 |       |     1 |       |       |     2 |    13 ||    17
Armor: Robe              |     3 |    21 |    29 |    10 |    35 |    43 |       |       ||   141
       Skin              |       |       |    17 |    70 |    80 |       |    23 |       ||   190
       Ring mail         |       |       |       |       |       |    54 |   156 |   109 ||   319
Dodge: Dodged            |    14 |    51 |    91 |   150 |   372 |   226 |   340 |   197 ||  1441
Block: Buckler           |       |       |       |     2 |    80 |    48 |       |       ||   130
       Kite shield       |       |       |       |       |       |   105 |   423 |   318 ||   846

Table legend: (Time is in decaauts)
 A = Elapsed time spent in this place.
 B = Non-inter-level travel time spent in this place.
 C = Inter-level travel time spent in this place.
 D = Time resting spent in this place.
 E = Time spent auto-exploring this place.
 F = Levels seen in this place.
 G = Mean time per level.
                   A        B        C        D        E       F      G
               +--------+--------+--------+--------+--------+-----+--------+
         Total |  58072 |  54931 |   3141 |   7784 |  37642 |  39 | 1489.0 |
       Dungeon |  24263 |  22709 |   1554 |   3526 |  15925 |  15 | 1617.5 |
        Temple |     48 |     35 |     13 |      0 |     20 |   1 |   48.0 |
          Lair |   6793 |   6229 |    564 |    415 |   4903 |   5 | 1358.6 |
         Swamp |   3827 |   3708 |    119 |    320 |   2696 |   4 |  956.8 |
     Snake Pit |   9848 |   9469 |    379 |    685 |   7481 |   4 | 2462.0 |
  Orcish Mines |   3793 |   3705 |     88 |   1406 |   1788 |   2 | 1896.5 |
        Vaults |   5774 |   5352 |    422 |    565 |   3131 |   4 | 1443.5 |
         Sewer |    361 |    361 |      0 |    222 |     98 |   1 |  361.0 |
       Ossuary |    782 |    782 |      0 |      0 |    577 |   1 |  782.0 |
       Volcano |   1301 |   1301 |      0 |    532 |    408 |   1 | 1301.0 |
    Desolation |   1279 |   1279 |      0 |    113 |    615 |   1 | 1279.0 |
               +--------+--------+--------+--------+--------+-----+--------+

Top non-repeatable levels by time:
 Snake:4: 2915 daAuts
 Snake:3: 2712 daAuts
    D:11: 2524 daAuts
    D:12: 2329 daAuts
Vaults:1: 2207 daAuts
 Snake:2: 2203 daAuts
   Orc:2: 2105 daAuts
    D:10: 2065 daAuts
 Snake:1: 2017 daAuts
    D:13: 1911 daAuts
    D:15: 1872 daAuts
     D:6: 1809 daAuts
Vaults:3: 1736 daAuts
   Orc:1: 1687 daAuts
     D:5: 1658 daAuts
